 Dungeon Crawl Stone Soup version 0.27.1-33-g824d729ab1 (webtiles) character file.

Game seed: 3251432061052880300

224 MisterFreud the Cleaver (level 6, -4/51 HPs)
             Began as a Hill Orc Abyssal Knight on Nov 28, 2021.
             Was a Believer of Lugonu.
             Killed from afar by an orc (17 damage)
             ... with a bolt of acid
             ... on level 3 of the Dungeon.
             The game lasted 00:04:14 (3554 turns).

MisterFreud the Cleaver (Hill Orc Abyssal Knight)   Turns: 3554, Time: 00:04:14

Health: -4/51      AC:  0    Str: 17    XL:     6   Next: 0%
Magic:  7/7        EV: 11    Int: 12    God:    Lugonu [**....]
Gold:   78         SH:  0    Dex: 10    Spells: 5/5 levels left

rFire    . . .     SeeInvis .   a - +1 hand axe
rCold    . . .     Faith    .   (no shield)
rNeg     . . .     Spirit   .   b - +0 leather armour
rPois    .         Reflect  .   (no helmet)
rElec    .         Harm     .   (no cloak)
rCorr    .         Rampage  .   (no gloves)
Will     .....                  (no boots)
Stlth    +.........             (no amulet)
HPRegen  0.17/turn              (no ring)
MPRegen  0.10/turn              (no ring)

@: corroded
A: no striking features
a: Renounce Religion, Depart the Abyss, Bend Space


You were on level 3 of the Dungeon.
You worshipped Lugonu.
Lugonu was pleased with you.
You visited 1 branch of the dungeon, and saw 4 of its levels.
You visited the Abyss 1 time.

You collected 78 gold pieces.

Inventory:

Hand Weapons
 a - a +1 hand axe (weapon)
Missiles
 g - 11 poisoned darts
 i - 7 javelins
 k - 19 bolts
Armour
 b - a +0 leather armour (worn)
Wands
 n - a wand of iceblast (10)
Scrolls
 e - a scroll of magic mapping {unknown}
 f - a scroll of enchant weapon {unknown}
 l - a scroll of identify {unknown}
 m - a scroll of teleportation {unknown}
 o - 3 scrolls of brand weapon {unknown}
Potions
 c - a potion of mutation {unknown}
 d - a potion of lignification
 h - a potion of ambrosia {unknown}
 j - a potion of flight {unknown}


   Skills:
 - Level 3.6 Fighting
 + Level 8.0 Axes
 - Level 2.1 Armour
 - Level 0.7 Dodging
 - Level 2.4 Invocations


You had 5 spell levels left.
You didn't know any spells.
Your spell library contained the following spells:

 Spells                   Type           Power      Damage    Failure   Level
 Magic Dart               Conj           0%         1d3       36%         1
 Call Imp                 Summ           0%         N/A       52%         2
 Mephitic Cloud           Conj/Pois/Air  0%         N/A       75%         3


Dungeon Overview and Level Annotations

Branches:
Dungeon (4/15)
 Temple: D:4-7

Altars:

Shops:
D:2 (

Portals:
Sewer: D:4

Annotations:
D:3 Terence


Message History

The worm closely misses you.
You hit the worm.
The worm is moderately wounded.
You hit the worm.
The worm is heavily wounded.
The worm barely misses you.
You hit the worm but do no damage.
The worm is heavily wounded.
You hit the worm.
The worm is severely wounded.
The worm misses you.
You hit the worm.
The worm is almost dead.
An orc comes into view.
It is wielding a +0 mace, quivering silver boomerangs and carrying a wand of acid (4).
You completely miss the worm.
The worm is almost dead.
The orc shouts!
The worm closely misses you.
You barely miss the worm.
The worm is almost dead.
The worm bites you!
You hit the worm.
You kill the worm!
Lugonu accepts your kill.
Your Axes skill increases to level 8!
You have reached level 6!
Your experience leads to an increase in your attributes!
Increase (S)trength, (I)ntelligence, or (D)exterity?
You feel stronger.
k - 19 bolts You barely miss the orc.
You hit the orc.
The orc is heavily wounded.
The orc zaps a wand.
The bolt of acid hits you!! The acid corrodes you!
You are splashed with acid!
* * * LOW HITPOINT WARNING * * *
You hit the orc but do no damage.
The orc is heavily wounded.
The orc zaps a wand.
The bolt of acid hits you!
You die...

#.........# ###.#
#.#.......# #...#
#.#.#####.###>#.#
#.#.# #.##)...#
#.#.# #.##..###
#.#.# #)##..#
#.#.#####.##..#
#.#.........B.#
#..@o.....#...#
######....#....#
#..#####...#
##.o. ....# ###.#
...... ... ....##
. ....


You could see an orc.

Vanquished Creatures
  A howler monkey (D:4)
  Ijyb (D:3)
  An orc wizard (D:3)
  A hound skeleton (D:3)
  4 adders
  6 worms
  2 dart slugs (D:1)
  3 orcs (D:3)
  3 endoplasms
  6 giant cockroaches
  12 goblins
  4 hobgoblins
  5 quokkas
  2 ball pythons (D:1)
  5 bats
  A frilled lizard (D:2)
  4 kobolds
  5 rats
66 creatures vanquished.

Vanquished Creatures (others)
  A quokka (D:3)
1 creature vanquished.

Grand Total: 67 creatures vanquished

Notes
Turn   | Place    | Note
-------+----------+-------------------------------------------
     0 | Abyss:1  | MisterFreud the Hill Orc Abyssal Knight began the quest for
                  | the Orb.
     0 | Abyss:1  | Reached XP level 1. HP: 19/19 MP: 2/2
    67 | D:1      | Escaped the Abyss
   149 | D:1      | Reached skill level 3 in Axes
   151 | D:1      | Reached * piety under Lugonu
   240 | D:1      | Reached XP level 2. HP: 18/26 MP: 3/3
   501 | D:1      | Reached skill level 4 in Axes
   715 | D:1      | Reached XP level 3. HP: 18/31 MP: 4/4
  1158 | D:2      | Reached skill level 5 in Axes
  1202 | D:2      | Found a faded altar of an unknown god.
  1274 | D:2      | Reached ** piety under Lugonu
  1575 | D:2      | Reached XP level 4. HP: 39/39 MP: 5/5
  1877 | D:2      | Found Vosobi's Antique Weapon Shop.
  2241 | D:3      | Noticed Ijyb
  2491 | D:3      | Reached skill level 6 in Axes
  2850 | D:3      | Killed Ijyb
  2851 | D:3      | Reached XP level 5. HP: 18/45 MP: 6/6
  3056 | D:3      | Noticed Terence
  3092 | D:4      | Reached skill level 7 in Axes
  3186 | D:4      | Found a glowing drain.
  3548 | D:3      | Reached skill level 8 in Axes
  3548 | D:3      | Reached XP level 6. HP: 42/51 MP: 7/7
  3554 | D:3      | Killed from afar by an orc

Illustrated notes

Levels and vault maps discovered:
D:1:      ncdulo_smallfort, layout_rooms
D:2:      layout_loops_corners, hellmonk_ecumenical_altar_blasted, serial_shops,
          shop, minmay_fountain_box
D:3:      layout_loops_ring, uniq_ijyb, uniq_terence, uniq_sigmund
D:4:      layout_basic, gup_sewer_entry_glass

Skill      XL: |  1  2  3  4  5 |
---------------+----------------+-----
Axes           | 3 4 5 6 8 |  8.0
Fighting       | |  3.6
Armour         | |  2.1
Dodging        | |  0.7
Invocations    | |  2.4

Action                   |  1- 3 |  4- 6 || total
-------------------------+-------+-------++-------
Melee: Hand axe          |   126 |   179 ||   305
Invok: Depart the Abyss  |     1 |       ||     1
  Use: Potion            |       |     3 ||     3
Armor: Leather armour    |    38 |    29 ||    67
       Skin              |       |    12 ||    12
Dodge: Dodged            |    86 |    76 ||   162
